 Dungeon Crawl Stone Soup version 0.24-a0-581-gc0fa660 (webtiles) character file.

Game seed: 1603443067184406313

1467 Alphaeus the Shield-Bearer (level 8, -1/56 HPs)
             Began as an Octopode Fighter on Aug 24, 2019.
             Was an Initiate of Cheibriados.
             Slain by a centaur zombie (7 damage)
             ... in an ossuary.
             The game lasted 00:09:05 (5553 turns).

Alphaeus the Shield-Bearer (Octopode Fighter)       Turns: 5553, Time: 00:09:06

Health: -1/56      AC:  1    Str: 18    XL:     8   Next: 77%
Magic:  8/8        EV: 14    Int: 11    God:    Cheibriados [......]
Gold:   92         SH: 11    Dex: 13    Spells: 7/7 levels left

rFire    . . .     SeeInvis +     - Unarmed
rCold    . . .     Gourm    .   a - +1 shield
rNeg     . . .     Faith    .   (helmet restricted)
rPois    .         Spirit   .   (no amulet)
rElec    .         Reflect  .   m - ring of see invisible
rCorr    .         Harm     .   (no ring)
MR       .....                  (no ring)
Stlth    ++........             (no ring)
HPRegen  0.18/turn              (no ring)
MPRegen  0.11/turn              (no ring)
                                (no ring)
                                (no ring)

@: flying, very slow
A: almost no armour, stealthy swim, amphibious, 8 rings, constrict 8, camouflage
1, gelatinous body 1
a: Bend Time, Renounce Religion


You were in an ossuary.
You worshipped Cheibriados.
Cheibriados was noncommittal.
You were very hungry.

You visited 2 branches of the dungeon, and saw 7 of its levels.
You also visited: Ossuary.

You collected 146 gold pieces.
You spent 54 gold pieces at shops.

Inventory:

Armour
 a - a +1 shield (worn)
Jewellery
 m - a ring of see invisible (left tentacle)
Scrolls
 d - a scroll of blinking {unknown}
 e - 3 scrolls of remove curse
 f - a scroll of enchant armour
 i - 5 scrolls of identify
 k - a scroll of teleportation
 l - 3 scrolls of enchant weapon
Potions
 b - a potion of might
 g - a potion of invisibility
 h - a potion of ambrosia {unknown}
 j - a potion of curing
 n - a potion of flight
 o - a potion of agility {unknown}
 p - a potion of haste {unknown}
 q - a potion of brilliance {unknown}
Comestibles
 c - 6 rations


   Skills:
 + Level 5.6 Fighting
 + Level 5.5 Dodging
 * Level 7.3 Shields
 + Level 5.1 Unarmed Combat


You had 7 spell levels left.
You didn't know any spells.
Your spell library contained the following spells:

 Spells                   Type           Power        Failure   Level  Hunger
 Flame Tongue             Conj/Fire      #....        67%         1    ##.....
 Throw Flame              Conj/Fire      #.....       82%         2    ###....
 Conjure Flame            Conj/Fire      #.......     96%         3    ####...
 Inner Flame              Hex/Fire       #.......     96%         3    ####...
 Sticky Flame             Conj/Fire      #.......     100%        4    #####..
 Fireball                 Conj/Fire      #.........   100%        5    ######.


Dungeon Overview and Level Annotations

Branches:
Dungeon (6/15)             Temple (1/1) D:6         Ossuary (1/1)

Altars:
Ashenzari
Cheibriados
Elyvilon
Fedhas
Makhleb
Nemelex Xobeh
Okawaru
Qazlal
Ru
Sif Muna
Trog
Uskayaw
Vehumet
Wu Jian
Xom
Yredelemnul
Zin

Shops:
D:4 *=   D:5 }??


Innate Abilities, Weirdness & Mutations

You cannot wear most types of armour.
You are very stealthy in the water. (Stealth+)
You are amphibious.
You can wear up to eight rings at the same time.
You can use your tentacles to constrict eight enemies at once.
Your skin changes colour to match your surroundings (Stealth+).
Your rubbery body absorbs attacks. (AC +1, EV +1)


Message History

You tentacle-slap the centaur zombie.
The centaur zombie is moderately damaged.
The centaur zombie completely misses you.
You are feeling very hungry.
You tentacle-slap the centaur zombie but do no damage.
The centaur zombie is moderately damaged.
The centaur zombie hits you!
* * * LOW HITPOINT WARNING * * *
You block the centaur zombie's attack.
You tentacle-slap the centaur zombie but do no damage.
The centaur zombie is moderately damaged.
The centaur zombie misses you.
You barely miss the centaur zombie. You squeeze the centaur zombie!
The centaur zombie is heavily damaged.
You block the centaur zombie's attack.
It was a potion of flight.
You feel very buoyant.
You fly up into the air.
The centaur zombie closely misses you. The centaur zombie hits you!
You die...

######### ##
#.#.#.#.# .#
#'#'#'#'#+#'#+###
+.............'.#
#.##'##'##Z##.###
#≈P..#...#.#@..#
###≈≈#.∩.###!?.#
.≈≈#..∩# #???#
###.##### #####
'.≈ #≈# ≈≈#


You could see a centaur zombie.

Vanquished Creatures
  Sigmund (D:4)
  An orc warrior (D:6)
  2 ogres
  A bullfrog (D:6)
  A gnoll sergeant (D:6)
  A crimson imp (D:5)
  2 orc priests
  A bullfrog skeleton (D:4)
  2 bullfrog zombies (Ossuary)
  2 jellies (D:5)
  4 orc wizards
  An iguana (D:4)
  A worker ant (D:4)
  A hound skeleton (D:4)
  10 mummies (Ossuary)
  Robin (D:4)
  12 gnolls
  8 adders
  An adder zombie (Ossuary)
  5 worms
  3 dart slugs
  6 leopard geckos
  8 orcs
  7 bats
  10 giant cockroaches
  17 goblins
  10 hobgoblins
  4 jackals (D:5)
  3 quokkas
  A ball python (D:4)
  10 frilled lizards
  2 gnoll zombies (D:3)
  11 kobolds
  A quokka skeleton (D:3)
  A quokka zombie (Ossuary)
  9 rats
161 creatures vanquished.

Vanquished Creatures (others)
  3 withered plants (Ossuary)
3 creatures vanquished.

Grand Total: 164 creatures vanquished

Notes
Turn   | Place    | Note
-------+----------+-------------------------------------------
     0 | D:1      | Alphaeus the Octopode Fighter began the quest for the Orb.
     0 | D:1      | Reached XP level 1. HP: 16/16 MP: 1/1
   141 | D:1      | Reached XP level 2. HP: 21/21 MP: 2/2
   441 | D:1      | Reached XP level 3. HP: 23/26 MP: 3/3
   808 | D:2      | Found a faded altar of an unknown god.
   891 | D:2      | Reached XP level 4. HP: 30/31 MP: 4/4
  1632 | D:3      | Reached skill level 4 in Shields
  1632 | D:3      | Reached XP level 5. HP: 33/36 MP: 5/5
  1824 | D:3      | Found a shattered altar of Ashenzari.
  2168 | D:3      | Found a basalt altar of Yredelemnul.
  2803 | D:4      | Reached XP level 6. HP: 43/43 MP: 6/6
  2922 | D:4      | Found Meosam's Jewellery Boutique.
  2949 | D:4      | Found an iron altar of Okawaru.
  3060 | D:4      | Noticed Robin
  3081 | D:4      | Killed Robin
  3210 | D:4      | Reached skill level 5 in Shields
  3534 | D:4      | Noticed Sigmund
  3539 | D:4      | Killed Sigmund
  3539 | D:4      | Reached XP level 7. HP: 35/49 MP: 7/7
  3627 | D:4      | Found Edyko's Assorted Antiques.
  3631 | D:4      | Bought a scroll labeled GUOL VITOSSO for 18 gold pieces
  3631 | D:4      | Bought a scroll labeled OXEPUE EQIPH for 18 gold pieces
  3631 | D:4      | Bought a scroll labeled GUH AT VUZA for 18 gold pieces
  3851 | D:5      | Entered Level 5 of the Dungeon
  3957 | D:4      | HP: 1/49 [worker ant (5)]
  4198 | D:5      | Reached skill level 6 in Shields
  4401 | D:5      | Found Gori's Magic Scroll Boutique.
  4417 | D:5      | Reached XP level 8. HP: 51/54 MP: 8/8
  4471 | D:5      | Found Toiruera's Magic Scroll Emporium.
  4583 | D:5      | Reached skill level 5 in Fighting
  4801 | D:5      | Found Onka Kuu's Gadget Emporium.
  4926 | D:6      | Found a staircase to the Ecumenical Temple.
  4938 | Temple   | Entered the Ecumenical Temple
  5028 | Temple   | Became a worshipper of Cheibriados the Contemplative
  5098 | D:6      | Reached skill level 5 in Dodging
  5383 | D:6      | Found a sand-covered staircase.
  5387 | Ossuary  | Entered an ossuary
  5402 | Ossuary  | Reached skill level 7 in Shields
  5426 | Ossuary  | Reached skill level 5 in Unarmed Combat
  5553 | Ossuary  | Slain by a centaur zombie

Levels and vault maps discovered:
D:1:      dpeg_arrival_rooms_c, layout_basic
D:2:      layout_loops_ring, chequers_ecumenical_altar_simple,
          kennysheep_generic_room_12
D:3:      layout_loops_ring, evilmike_ruin_ashenzari,
          lemuel_zombie_altar_yredelemnul, nicolae_overflow_hidden_temple,
          serial_bayou, serial_bayou_pond_b, serial_bayou_shore_a,
          serial_bayou_lagoon_a, serial_bayou_ford_a
D:4:      layout_basic, okawaru_ov_weapons_minmay, first_ration, serial_shops,
          nicolae_shop_trees, shop, uniq_robin, uniq_sigmund
D:5:      layout_rooms, serial_shops, shop, shop, kennysheep_mini_moat,
          gup_sewer_entry_pipe
D:6:      layout_basic, nicolae_dithmenos_through_a_glass_darkly,
          minmay_temple_entry_offerings, nicolae_ossuary_entry_plus
Temple:   zaba_magenta_temple
Ossuary:  ossuary_zaba_flooded

Skill      XL: |  1  2  3  4  5  6  7  8 |
---------------+-------------------------+-----
Shields        | 4 5 6 7 |  7.3
Unarmed Combat | 3 4 5 |  5.1
Fighting       | 4 5 |  5.6
Dodging        | 4 5 |  5.5

Action                   |  1- 3 |  4- 6 |  7- 9 || total
-------------------------+-------+-------+-------++-------
Melee: Unarmed           |    58 |   170 |   154 ||   382
       Tentacles         |    15 |    36 |    41 ||    92
       Constrict         |    16 |    50 |    47 ||   113
       Punch             |       |     4 |     4 ||     8
  Use: Scroll            |       |       |     7 ||     7
       Potion            |       |       |     7 ||     7
 Stab: Sleeping          |     5 |     7 |     2 ||    14
       Invisible         |       |       |     2 ||     2
       Distracted        |       |       |     1 ||     1
  Eat: Chunk             |       |     8 |     6 ||    14
Armor: Skin              |     1 |     9 |     5 ||    15
Dodge: Dodged            |    15 |    56 |    92 ||   163
Block: Shield            |    21 |    62 |    90 ||   173

Table legend:
 A = Non-vault XP
 B = Vault XP
 C = Vault XP percentage of total XP
 D = Non-vault monster count
 E = Vault monster count
 F = Vault count percentage of total count
                 A         B        C        D         E       F
            +---------+---------+-------+---------+---------+-------
      Total |    1505 |     592 |  28.2 |     117 |      44 |  27.3
            +---------+---------+-------+---------+---------+-------
        D:1 |      37 |       0 |   0.0 |      19 |       0 |   0.0
        D:2 |      83 |       1 |   1.2 |      23 |       1 |   4.2
        D:3 |     181 |      16 |   8.1 |      28 |       8 |  22.2
        D:4 |     266 |     260 |  49.4 |      16 |      14 |  46.7
        D:5 |     399 |      17 |   4.1 |      20 |       7 |  25.9
        D:6 |     539 |       0 |   0.0 |      11 |       0 |   0.0
    Ossuary |       0 |     298 | 100.0 |       0 |      14 | 100.0
            +---------+---------+-------+---------+---------+-------
